 Dungeon Crawl Stone Soup version 0.27-a0-1281-ge233d83751 (webtiles) character file.

Game seed: 10313054699360485024

49 27snakeeyes612 the Skirmisher (level 3, -1/33 HPs)
             Began as a Ghoul Fighter on June 14, 2021.
             Killed from afar by an orc wizard (3 damage)
             ... with a magic dart
             ... on level 3 of the Dungeon.
             The game lasted 00:00:34 (838 turns).

27snakeeyes612 the Skirmisher (Ghoul Fighter)        Turns: 838, Time: 00:00:35

Health: -1/33      AC:  6    Str: 20    XL:     3   Next: 75%
Magic:  2/2        EV:  7    Int:  3    God:
Gold:   41         SH:  9    Dex:  8    Spells: 2/2 levels left

rFire    . . .     SeeInvis .   a - +0 war axe
rCold    + . .     Faith    .   c - +0 kite shield
rNeg     + + +     Spirit   .   b - +0 scale mail
rPois    ∞         Reflect  .   (no helmet)
rElec    .         Harm     .   (no cloak)
rCorr    .         Rampage  .   (no gloves)
Will     .....                  (no boots)
Stlth    ..........             (no amulet)
HPRegen  0.00/turn              (no ring)
MPRegen  0.08/turn              (no ring)

@: no status effects
A: claws 1, cold resistance 1, negative energy resistance 3, inhibited
regeneration, torment resistance 2
a: no special abilities


You were on level 3 of the Dungeon.
You visited 1 branch of the dungeon, and saw 3 of its levels.

You collected 41 gold pieces.

Inventory:

Hand Weapons
 a - a +0 war axe (weapon)
Armour
 b - a +0 scale mail (worn)
 c - a +0 kite shield (worn)
 i - a +0 plate armour
Scrolls
 e - 2 scrolls of identify {unknown}
 f - a scroll of enchant weapon {unknown}
 g - a scroll of fog {unknown}
 h - a scroll of fear {unknown}
 j - a scroll of magic mapping {unknown}
Potions
 d - a potion of might


   Skills:
 + Level 3.8 Fighting
 + Level 2.2 Axes
 + Level 3.1 Armour
 + Level 3.2 Shields


You had 2 spell levels left.
You didn't know any spells.
Your spell library was empty.

Dungeon Overview and Level Annotations

Branches:
Dungeon (2/15)

Altars:


Innate Abilities, Weirdness & Mutations

You thrive by killing the living.
You are immune to poison.
You have sharp fingernails.
Your flesh is cold resistant. (rC+)
You are immune to negative energy. (rN+++)
You do not regenerate when monsters are visible.
You are immune to unholy pain and torment.


Message History

The puff of flame hits you!
* * * LOW HITPOINT WARNING * * *
The orc wizard points at you and mumbles some strange words.
You resist with significant effort. Something hits you but does no damage.
You hit the orc wizard.
The orc wizard is almost dead.
You closely miss something.
The orc wizard hits you but does no damage.
Something hits you but does no damage.
The orc wizard hits you with a +0 dagger.
* * * LOW HITPOINT WARNING * * *
You hear some strange, mumbled words.
Something tries to affect you, but you resist.
You barely miss the orc wizard.
The orc wizard is almost dead.
You miss something. You block the orc wizard's attack. Something hits you.
* * * LOW HITPOINT WARNING * * *
The orc wizard completely misses you.
You slash the orc wizard!
You kill the orc wizard!
You feel better.
You miss something.
You hear some strange, mumbled words.
A magic dart appears from out of thin air!
The magic dart hits you.
* * * LOW HITPOINT WARNING * * *
Something hits you but does no damage.
Your Armour skill increases to level 3!
Things that are here:
a +0 dagger; a +0 robe; an orc corpse You miss something.
You hear some strange, mumbled words.
A magic dart appears from out of thin air!
The magic dart hits you.
* * * LOW HITPOINT WARNING * * *
Something hits you but does no damage.
You barely miss something.
You hear some strange, mumbled words.
A magic dart appears from out of thin air!
The magic dart hits you.
You die...

..##.....##................
#.....#...................
.......#P≈≈≈P.≈P≈.#.######.
#.#....#P≈≈♣P≈PPPP..#
....#.##≈P≈≈≈≈♣≈≈≈P.PP#
#.#.. ##.PPP.≈♣♣≈≈PP.P#
#.....≈P≈≈≈♣≈P.≈
#.##.#PPP♣≈≈≈≈P.
#.@...≈PPP♣♣≈≈≈P
##{####PP♣≈♣ #.)# PP♣≈≈≈
#≈P≈P ≈♣≈≈ ≈ ≈≈P≈≈≈♣P≈≈
≈≈≈♣≈P≈≈ .≈≈PPPPP#. .≈P≈.
#... ..≈..## .##


There were no monsters in sight!

Vanquished Creatures
  An orc wizard (D:3)
  A dart slug (D:1)
  3 orcs (D:3)
  4 endoplasms (D:1)
  A goblin (D:1)
  A hobgoblin (D:1)
  A kobold (D:1)
  A quokka (D:3)
  3 ball pythons
  A frilled lizard (D:1)
  2 rats (D:1)
19 creatures vanquished.

Vanquished Creatures (others)
  4 plants (D:3)
4 creatures vanquished.

Grand Total: 23 creatures vanquished

Notes
Turn   | Place    | Note
-------+----------+-------------------------------------------
     0 | D:1      | 27snakeeyes612 the Ghoul Fighter began the quest for the
                  | Orb.
     0 | D:1      | Reached XP level 1. HP: 19/19 MP: 0/0
   242 | D:1      | Reached XP level 2. HP: 15/26 MP: 1/1
   768 | D:2      | You fall into a shaft and drop 1 floor!
   832 | D:3      | Reached XP level 3. HP: 14/31 MP: 2/2
   838 | D:3      | Killed from afar by an orc wizard

Illustrated notes

Levels and vault maps discovered:
D:1:      psy_arrival_dodecagon, layout_loops_cross
D:2:      layout_rooms, shapermc_ecumenical_altar_mp_ritualfount,
          patterned_corridor, uniq_robin
D:3:      layout_rooms, serial_bayou_lagoon_a, hex_large, dk_noncrumbling_4,
          amcnicky_mini_pool_small

Skill      XL: |  1  2  3 |
---------------+----------+-----
Axes           | 2 |  2.2
Shields        | 3 |  3.2
Armour         | 3 |  3.1
Fighting       | |  3.8

Action                   || total
-------------------------++-------
Melee: War axe           ||    49
Armor: Scale mail        ||    21
Dodge: Dodged            ||    14
Block: Kite shield       ||    19

Table legend: (Time is in decaauts)
 A = Elapsed time spent in this place.
 B = Non-inter-level travel time spent in this place.
 C = Inter-level travel time spent in this place.
 D = Time resting spent in this place.
 E = Time spent auto-exploring this place.
 F = Levels seen in this place.
 G = Mean time per level.
                   A        B        C        D        E       F      G
               +--------+--------+--------+--------+--------+-----+--------+
         Total |    869 |    821 |     48 |      0 |    690 |   3 |  289.7 |
       Dungeon |    869 |    821 |     48 |      0 |    690 |   3 |  289.7 |
               +--------+--------+--------+--------+--------+-----+--------+

Top non-repeatable levels by time:
     D:1: 784 daAuts
     D:3: 81 daAuts
     D:2: 3 daAuts
